[Event "Titled Tuesday Blitz April 11 Early 2023"]
[White "Titichoca Daza, Daniel"]
[Black "Kalashian, David"]
[WhiteFideId "3309550"]
[BlackFideId "13302418"]
[WhiteElo "2101"]
[BlackElo "2490"]
[Result "0-1"]
[Round "04"]
[TimeControl "180+2"]
[Date "2023.04.11"]
[WhiteClock "0:00:01"]
[BlackClock "0:00:46"]

1. c4 Nf6 2. Nc3 g6 3. g3 Bg7 4. Bg2 O-O 5. Nf3 c6 6. O-O d6 7. d4 Bg4 8. Qb3 Qb6 9. Bf4 Nbd7 10. Qa3 Bxf3 11. Bxf3 Qxd4 12. Rac1 Qc5 13. b4 Qb6 14. Na4 Qd8 15. Rfd1 Rc8 16. b5 Nb6 17. bxc6 bxc6 18. c5 Nxa4 19. Qxa4 d5 20. Qxa7 Ra8 21. Qb7 Qc8 22. Qb3 Nd7 23. e4 e6 24. Bd6 Re8 25. exd5 exd5 26. Bg4 Re4 27. Bf3 Re8 28. Re1 Ne5 29. Bg2 Qa6 30. Bxe5 Bxe5 31. Rc2 Bd4 32. Rec1 Re2 33. Qf3 Bxf2+ 0-1


[Site "https://www.chess.com"]

[Event "Titled Tuesday Blitz April 11 Early 2023"]
[White "Vaibhav Jayant Raut"]
[Black "Ramirez Vido, Robert Yorisan"]
[WhiteFideId "5089034"]
[BlackFideId "3513823"]
[WhiteElo "2156"]
[BlackElo "2443"]
[Result "0-1"]
[Round "04"]
[TimeControl "180+2"]
[Date "2023.04.11"]
[WhiteClock "0:00:07"]
[BlackClock "0:00:12"]

1. d4 g6 2. Nf3 Nf6 3. g3 Bg7 4. Bg2 O-O 5. O-O d6 6. Nc3 Nc6 7. Re1 e5 8. dxe5 Nxe5 9. Nxe5 dxe5 10. Bg5 h6 11. Bxf6 Bxf6 12. Qd5 c6 13. Qb3 Qb6 14. Qxb6 axb6 15. Red1 Bg4 16. h3 Bf5 17. Rac1 Rfd8 18. g4 Be6 19. a3 Rxd1+ 20. Rxd1 Rd8 21. Rxd8+ Bxd8 22. b4 Be7 23. b5 Bxa3 24. bxc6 bxc6 25. Bxc6 Kf8 26. Bd5 Ke7 27. Bxe6 Kxe6 28. e4 f5 29. gxf5+ gxf5 30. Kg2 Bb2 31. exf5+ Kxf5 32. Nd5 Bd4 33. Kf3 e4+ 34. Ke2 h5 35. c3 Bc5 36. c4 Kg5 37. Nc3 Kf4 0-1


[Site "https://www.chess.com"]

[Event "Titled Tuesday Blitz April 11 Early 2023"]
[White "Borgaonkar Akshay"]
[Black "Melikhov, Evgeny V."]
[WhiteFideId "25639110"]
[BlackFideId "4122046"]
[WhiteElo "2063"]
[BlackElo "2158"]
[Result "1-0"]
[Round "04"]
[TimeControl "180+2"]
[Date "2023.04.11"]
[WhiteClock "0:01:47"]
[BlackClock "0:01:08"]

1. a3 d5 2. Nf3 c6 3. e3 Bf5 4. b4 e6 5. Bb2 h6 6. d3 Nd7 7. Nbd2 Ngf6 8. Be2 Be7 9. O-O O-O 10. Ne5 Nxe5 11. Bxe5 Nd7 12. Bb2 Bf6 13. d4 a5 14. c4 axb4 15. axb4 Rxa1 16. Qxa1 dxc4 17. Nxc4 Nb6 18. Qa7 Nxc4 19. Bxc4 Qa8 20. Ra1 Qxa7 21. Rxa7 Rb8 22. f3 Bd8 23. e4 Bb6 24. Ra2 Bh7 25. Kf1 Rd8 26. Ra1 Bxd4 27. Bxd4 Bxe4 28. Bb6 Bd3+ 29. Bxd3 Rxd3 30. Ra8+ Kh7 31. Rb8 Rb3 32. Bc5 b5 33. Rc8 1-0


[Site "https://www.chess.com"]

[Event "Titled Tuesday Blitz April 11 Early 2023"]
[White "Arabidze, Meri"]
[Black "Mazurkiewicz, Michal"]
[WhiteFideId "13604040"]
[BlackFideId "1124943"]
[WhiteElo "2405"]
[BlackElo "2054"]
[Result "1-0"]
[Round "04"]
[TimeControl "180+2"]
[Date "2023.04.11"]
[WhiteClock "0:00:58"]
[BlackClock "0:00:02"]

1. b3 Nf6 2. Bb2 g6 3. g3 Bg7 4. Bg2 O-O 5. c4 d6 6. Nf3 Nbd7 7. O-O e5 8. d3 Re8 9. Nc3 c6 10. e4 Nc5 11. Re1 a5 12. h3 h6 13. Qd2 Nh7 14. Kh2 Ng5 15. Nxg5 Qxg5 16. Rad1 Qxd2 17. Rxd2 f5 18. Ba3 f4 19. h4 h5 20. Bh3 Bxh3 21. Kxh3 Bh6 22. Rdd1 Rf8 23. g4 hxg4+ 24. Kxg4 f3 25. Bxc5 dxc5 26. Na4 Rf4+ 27. Kg3 g5 28. Rh1 Kf7 29. Nxc5 gxh4+ 30. Kh3 Rg8 31. Rhg1 b6 32. Nd7 Rxg1 33. Rxg1 Ke6 34. Nxb6 Rf7 35. Rg6+ Ke7 36. Rxh6 Rg7 37. Rxc6 Rg2 38. Nd5+ Kd7 39. Rf6 Rxf2 40. Kxh4 Rf1 41. Kg3 1-0


[Site "https://www.chess.com"]

[Event "Titled Tuesday Blitz April 11 Early 2023"]
[White "Melaugh, Shane"]
[Black "wqws"]
[WhiteFideId "2509580"]
[WhiteElo "2034"]
[BlackElo "2607"]
[Result "0-1"]
[Round "04"]
[TimeControl "180+2"]
[Date "2023.04.11"]
[WhiteClock "0:00:47"]
[BlackClock "0:01:22"]

1. c4 Nf6 2. Nc3 e6 3. e4 d5 4. cxd5 exd5 5. e5 Ne4 6. d4 Bb4 7. Bd2 Nxd2 8. Qxd2 O-O 9. a3 Be7 10. Nf3 Bg4 11. Bd3 Nc6 12. Be2 f6 13. O-O-O fxe5 14. dxe5 Bxf3 15. Bxf3 Bg5 16. Bxd5+ Kh8 17. f4 Bxf4 18. Qxf4 Rxf4 19. Bxc6 Qg5 20. Bd5 c6 21. Ba2 Qxe5 22. Rhe1 Qg5 23. Rd2 Rd4 24. Ne4 Qf4 25. g3 Rxe4 26. gxf4 Rxe1+ 27. Kc2 Rae8 28. Rd7 R1e7 29. Rd6 Re2+ 30. Kc3 R8e3+ 31. Kd4 Rd2+ 32. Kxe3 Rxd6 33. f5 Rh6 34. Be6 Rxh2 35. b4 Rh3+ 36. Kd4 Rxa3 37. Bc8 Ra4 38. Kc3 a5 39. Bxb7 Rxb4 40. Bxc6 h5 41. Kd3 h4 42. Bd7 h3 43. f6 h2 44. f7 Rf4 0-1


[Site "https://www.chess.com"]

[Event "Titled Tuesday Blitz April 11 Early 2023"]
[White "Skliarov, Viktor"]
[Black "Nurgaliyeva, Zarina"]
[WhiteFideId "14106736"]
[BlackFideId "13730096"]
[WhiteElo "2317"]
[BlackElo "2134"]
[Result "1-0"]
[Round "04"]
[TimeControl "180+2"]
[Date "2023.04.11"]
[WhiteClock "0:01:07"]
[BlackClock "0:00:21"]

1. e4 e5 2. Nc3 Nf6 3. Bc4 Nc6 4. d3 Bb4 5. Bg5 h6 6. Bxf6 Qxf6 7. Ne2 O-O 8. O-O Bc5 9. Nd5 Qd8 10. c3 d6 11. b4 Bb6 12. a4 a5 13. b5 Ne7 14. Nxb6 cxb6 15. Qb3 Qe8 16. f4 Bg4 17. Ng3 Ng6 18. f5 Nf4 19. h3 Be2 20. Rxf4 exf4 21. Nxe2 Qe5 22. Rf1 Rac8 23. Rxf4 Rc7 24. d4 Qf6 25. Bd5 Rfc8 26. c4 Qg5 27. Qf3 Kh7 28. f6 g6 29. h4 Qh5 30. Qxh5 gxh5 31. Rf5 Rg8 32. Rxh5 Rg6 33. Rf5 Rg4 34. g3 1-0


[Site "https://www.chess.com"]

[Event "Titled Tuesday Blitz April 11 Early 2023"]
[White "Chylewski, Patryk"]
[Black "Mika, Tomasz"]
[WhiteFideId "1186191"]
[BlackFideId "1132970"]
[WhiteElo "2163"]
[BlackElo "2179"]
[Result "1-0"]
[Round "04"]
[TimeControl "180+2"]
[Date "2023.04.11"]
[WhiteClock "0:00:13"]
[BlackClock "0:00:01"]

1. e4 c6 2. Nf3 d5 3. d3 dxe4 4. dxe4 Nd7 5. g3 g6 6. Bg2 Bg7 7. O-O Qc7 8. Qe2 e6 9. Nbd2 Ngf6 10. Nc4 e5 11. Rd1 O-O 12. b3 b5 13. Nd6 Ba6 14. Bb2 Ne8 15. Nxe8 Rfxe8 16. Bh3 Nc5 17. Qe3 Qb6 18. Rd2 Bc8 19. Bxc8 Raxc8 20. Rad1 a5 21. Kg2 f6 22. Rd6 Kf7 23. h4 Bf8 24. R6d2 Red8 25. Ba3 b4 26. Bb2 Rxd2 27. Nxd2 Rd8 28. Nc4 Qc7 29. Rxd8 Qxd8 30. Qf3 Kg8 31. h5 Ne6 32. hxg6 hxg6 33. Qg4 Kf7 34. Bxe5 fxe5 35. Nxe5+ Ke7 36. Nxg6+ Kd7 37. Ne5+ Kd6 38. Nf7+ Kc7 39. Nxd8 1-0


[Site "https://www.chess.com"]

[Event "Titled Tuesday Blitz April 11 Early 2023"]
[White "Iljin, Timofey"]
[Black "Orlov, Georgi"]
[WhiteFideId "14110180"]
[BlackFideId "2011271"]
[WhiteElo "2382"]
[BlackElo "2579"]
[Result "0-1"]
[Round "04"]
[TimeControl "180+2"]
[Date "2023.04.11"]
[WhiteClock "0:00:06"]
[BlackClock "0:01:20"]

1. d4 Nf6 2. c4 Nc6 3. Nc3 e5 4. d5 Ne7 5. h4 Nf5 6. Nf3 e4 7. Nd4 d6 8. Nxf5 Bxf5 9. h5 h6 10. g3 Be7 11. Bg2 O-O 12. Be3 c6 13. f3 exf3 14. exf3 cxd5 15. cxd5 Nd7 16. Kf2 Ne5 17. g4 Bh7 18. Kg3 Nc4 19. Bd4 Nxb2 20. Qb3 Nd3 21. Ne4 Bxe4 22. fxe4 Ne5 23. Qxb7 Rb8 24. Qxa7 Ra8 25. Qb7 Ra3+ 26. Kh2 Nxg4+ 27. Kg1 Bf6 28. Qb2 Bxd4+ 29. Qxd4 Qg5 30. Rh3 Rfa8 31. Rxa3 Rxa3 32. Rf1 Qxh5 33. Rf3 Qh2+ 34. Kf1 Rxa2 35. Qg1 Ra1+ 36. Ke2 Rxg1 37. Rxf7 Qxg2+ 38. Kd3 Rd1+ 39. Kc4 Qc2+ 40. Kb5 Rb1+ 0-1


[Site "https://www.chess.com"]

[Event "Titled Tuesday Blitz April 11 Early 2023"]
[White "Sliwicki, Damian"]
[Black "Rosen, Eric"]
[WhiteFideId "1127128"]
[BlackFideId "2032562"]
[WhiteElo "2030"]
[BlackElo "2331"]
[Result "0-1"]
[Round "04"]
[TimeControl "180+2"]
[Date "2023.04.11"]
[WhiteClock "0:00:03"]
[BlackClock "0:00:46"]

1. e4 c5 2. Nc3 Nc6 3. Bb5 Nd4 4. Nf3 a6 5. Bc4 e6 6. Nxd4 cxd4 7. Ne2 Bc5 8. O-O Nf6 9. e5 d5 10. exf6 dxc4 11. fxg7 Rg8 12. Ng3 Rxg7 13. d3 b5 14. Qf3 Qd5 15. Ne4 Be7 16. Re1 Bb7 17. Qh3 f5 18. Ng3 O-O-O 19. Bf4 Rg4 20. Re5 Qc6 21. Bd2 Rh4 22. Rxe6 Qxe6 23. Qxf5 Qxf5 24. Nxf5 Rg4 25. Nxe7+ Kd7 26. Nf5 Rxg2+ 27. Kf1 Rxh2 28. f3 Rh1+ 29. Kf2 Rxa1 0-1


[Site "https://www.chess.com"]

[Event "Titled Tuesday Blitz April 11 Early 2023"]
[White "Harriott, Tyrell"]
[Black "Escanor89"]
[WhiteFideId "2086484"]
[WhiteElo "2107"]
[BlackElo "2554"]
[Result "1-0"]
[Round "04"]
[TimeControl "180+2"]
[Date "2023.04.11"]
[WhiteClock "0:00:44"]
[BlackClock "0:00:39"]

1. d4 Nf6 2. e3 g6 3. Bd3 Bg7 4. f4 O-O 5. Nf3 d6 6. O-O Nbd7 7. f5 e5 8. fxe6 fxe6 9. Ng5 Qe7 10. Qe1 e5 11. Qh4 h6 12. Ne4 g5 13. Nxg5 hxg5 14. Qxg5 Nb6 15. Bg6 Bd7 16. Qh4 Be8 17. Bh7+ Kf7 18. Qh5+ Ke6 19. Bf5+ Kd5 20. e4+ Nxe4 21. Bxe4+ Kxe4 22. Nc3+ Kxd4 23. Be3+ Kxe3 24. Qh3+ Kd4 25. Qd3+ Kc5 26. b4+ Kc6 27. Qb5# 1-0


[Site "https://www.chess.com"]

[Event "Titled Tuesday Blitz April 11 Early 2023"]
[White "Berezin, Viktor"]
[Black "Derichs, Roger"]
[WhiteFideId "14107872"]
[BlackFideId "4630076"]
[WhiteElo "2310"]
[BlackElo "2375"]
[Result "1-0"]
[Round "04"]
[TimeControl "180+2"]
[Date "2023.04.11"]
[WhiteClock "0:00:11"]
[BlackClock "0:00:01"]

1. d4 d5 2. c4 e6 3. Nf3 c6 4. Qc2 Nf6 5. Nbd2 Nbd7 6. e4 dxe4 7. Nxe4 Nxe4 8. Qxe4 Bb4+ 9. Bd2 Bxd2+ 10. Nxd2 Nf6 11. Qh4 h6 12. Nb3 a5 13. Rd1 a4 14. Na1 Qb6 15. Rd2 O-O 16. Bd3 Qa5 17. Qf4 Rd8 18. O-O Qg5 19. Qxg5 hxg5 20. Nc2 b6 21. Rfd1 Kf8 22. c5 bxc5 23. dxc5 Rb8 24. Ne3 Bd7 25. Nc4 Be8 26. Nd6 Ke7 27. Be2 Nd5 28. Rc1 Rb4 29. a3 Rbb8 30. Bd1 Ra8 31. Rc4 Ra5 32. Rdc2 Rda8 33. Rd2 f6 34. f3 e5 35. Kf2 Bf7 36. Nf5+ Kf8 37. Rc1 Be6 38. Nd6 Nf4 39. g3 Nd5 40. Be2 Ne7 41. Bc4 Bxc4 42. Rxc4 Nd5 43. Ne4 Kf7 44. Nd6+ Ke6 45. Nb7 R5a7 46. Nd6 Rb8 47. Ke2 Ra5 48. Kd3 Ra7 49. Kc2 Ra5 50. Ne4 Ra7 51. Kc1 Rab7 52. Nd6 Ra7 53. h4 gxh4 54. Rxh4 Rg8 55. g4 Ke7 56. Nf5+ Ke6 57. Rh7 1-0


[Site "https://www.chess.com"]

[Event "Titled Tuesday Blitz April 11 Early 2023"]
[White "MunichMouse"]
[Black "tetrix83"]
[WhiteElo "2308"]
[BlackElo "2525"]
[Result "1/2-1/2"]
[Round "04"]
[TimeControl "180+2"]
[Date "2023.04.11"]
[WhiteClock "0:00:08"]
[BlackClock "0:00:04"]

1. d4 Nf6 2. c4 g6 3. g3 Bg7 4. Bg2 O-O 5. e4 d6 6. Ne2 c5 7. O-O Nc6 8. d5 Ne5 9. Qc2 e6 10. h3 exd5 11. exd5 Bf5 12. Qb3 Bd3 13. Re1 Bxc4 14. Qc2 Bxd5 15. Nd2 Bxg2 16. Kxg2 Qd7 17. f4 Qc6+ 18. Kh2 Nf3+ 19. Nxf3 Qxf3 20. Ng1 Qc6 21. Bd2 Rfe8 22. Bc3 d5 23. b3 d4 24. Bb2 Nd5 25. Qg2 Rad8 26. Rac1 d3 27. Bxg7 Kxg7 28. Red1 Ne3 29. Qxc6 bxc6 30. Rd2 Rd5 31. Nf3 Re4 32. Ne5 c4 33. bxc4 Rdd4 34. Rxd3 Rxd3 35. Nxd3 Rxc4 36. Rxc4 Nxc4 37. Kg2 Kf6 38. Kf3 Ke6 39. Ke4 Kd6 40. Kd4 Nd2 41. Ne5 f6 42. Ng4 c5+ 43. Kd3 Nf1 44. Nxf6 Nxg3 45. Nxh7 Nh5 46. Ke4 c4 47. Ng5 Kc5 48. Nf3 c3 49. Ne1 Kc4 50. Ke5 a5 51. h4 a4 52. f5 gxf5 53. Kxf5 Kd4 54. Kg5 Ng3 55. Kg4 Ne4 56. Kf5 Nd6+ 57. Ke6 Ne4 58. h5 Ke3 59. Ke5 Ng5 60. Kd5 Kd2 61. Kc4 Nh7 62. h6 Ng5 63. a3 Nh7 64. Kb4 Ng5 65. Kc4 Nh7 66. Kb4 Ng5 67. Kc4 1/2-1/2


[Site "https://www.chess.com"]

[Event "Titled Tuesday Blitz April 11 Early 2023"]
[White "Deng, Henry"]
[Black "morozcoma"]
[WhiteFideId "30965454"]
[WhiteElo "2524"]
[BlackElo "2271"]
[Result "0-1"]
[Round "04"]
[TimeControl "180+2"]
[Date "2023.04.11"]
[WhiteClock "0:00:13"]
[BlackClock "0:00:13"]

1. e4 e5 2. Nf3 Nc6 3. d4 exd4 4. Bc4 Nf6 5. e5 d5 6. Bb5 Ne4 7. Nxd4 Bc5 8. Be3 O-O 9. Nxc6 bxc6 10. Bxc5 Nxc5 11. Bxc6 Ba6 12. Qxd5 Qg5 13. e6 Qc1+ 14. Qd1 Qxb2 15. Bxa8 Qe5+ 16. Kd2 Qf4+ 17. Ke1 Qe5+ 18. Kd2 Rd8+ 19. Kc1 Rxd1+ 20. Rxd1 fxe6 21. c3 Bd3 22. Bf3 Qg5+ 23. Rd2 e5 24. g3 e4 25. Bd1 Qe5 26. Kb2 Bc4 27. Bb3 Nd3+ 28. Kc2 Qc5 29. Bxc4+ Qxc4 30. a4 Nc5 31. Ra3 Nd3 32. Rb3 Qxa4 33. Na3 c5 34. c4 Nb4+ 35. Kc3 Nd3 36. Kc2 Qc6 37. Rb8+ Kf7 38. Nb5 Qa6 39. Kb3 Qa5 40. Ra2 Qb4+ 41. Kc2 Qxc4+ 42. Nc3 Nb4+ 43. Rxb4 cxb4 44. Rxa7+ Kg6 0-1


[Site "https://www.chess.com"]

[Event "Titled Tuesday Blitz April 11 Early 2023"]
[White "Cervantes Landeiro, Thalia"]
[Black "Khubukshanov, Erdem"]
[WhiteFideId "3520498"]
[BlackFideId "54114527"]
[WhiteElo "2172"]
[BlackElo "2420"]
[Result "0-1"]
[Round "04"]
[TimeControl "180+2"]
[Date "2023.04.11"]
[WhiteClock "0:00:02"]
[BlackClock "0:00:37"]

1. d4 g6 2. c4 Bg7 3. Nc3 d6 4. e4 Nf6 5. f4 O-O 6. Nf3 e5 7. fxe5 dxe5 8. d5 c6 9. Bd3 b5 10. O-O bxc4 11. Bxc4 cxd5 12. exd5 e4 13. Nd4 Qb6 14. Kh1 Ng4 15. Nce2 Nd7 16. h3 Nge5 17. Bb3 Nc5 18. Be3 Ba6 19. Qd2 Rad8 20. Rfc1 Ned3 21. Nc6 Rd7 22. Nc3 Nxc1 23. Qxc1 Nd3 24. Bxb6 Nxc1 25. Bxa7 Nd3 26. Bd4 Re8 27. Rb1 e3 28. Ne2 Nf2+ 29. Kg1 Bxe2 30. Re1 Bb5 31. Bxg7 Kxg7 32. Nd4 Nd3 33. Re2 Nf4 34. Re1 Ba6 35. Ba4 Rxd5 36. Bxe8 Rxd4 37. Rxe3 Rd1+ 38. Kh2 Rd2 39. Bc6 Rxb2 40. a4 Bb7 41. Bxb7 Rxb7 42. Re4 Nd5 43. Rd4 Ne7 44. a5 Ra7 45. Ra4 Ra6 46. h4 h5 47. Kh3 Nc6 48. Rc4 Nxa5 49. Ra4 Ra7 50. g3 Nc6 51. Rc4 Ne5 52. Rc5 Kf6 0-1


[Site "https://www.chess.com"]

[Event "Titled Tuesday Blitz April 11 Early 2023"]
[White "Necula, Iulian"]
[Black "Zemlyanskii, Ivan"]
[WhiteFideId "1232380"]
[BlackFideId "24249971"]
[WhiteElo "1790"]
[BlackElo "2419"]
[Result "0-1"]
[Round "04"]
[TimeControl "180+2"]
[Date "2023.04.11"]
[WhiteClock "0:00:15"]
[BlackClock "0:01:08"]

1. d4 d5 2. Nc3 Nf6 3. Bf4 c5 4. e3 cxd4 5. exd4 a6 6. Nf3 Nc6 7. a3 Bg4 8. h3 Bxf3 9. gxf3 e6 10. Rg1 g6 11. Bg5 Be7 12. h4 Nh5 13. Qd3 h6 14. Bxe7 Qxe7 15. O-O-O Qxh4 16. Na4 Nf4 17. Qb3 O-O 18. Qxb7 Nxd4 19. Rg4 Qf6 20. Nc5 Nfe2+ 21. Bxe2 Nxe2+ 22. Kb1 Qxf3 23. Rgg1 Nxg1 24. Rxg1 Qxf2 25. Rc1 Qxc5 0-1


[Site "https://www.chess.com"]

[Event "Titled Tuesday Blitz April 11 Early 2023"]
[White "Estrada Nieto, Julian"]
[Black "Harsh Suresh"]
[WhiteFideId "5101018"]
[BlackFideId "45018464"]
[WhiteElo "2161"]
[BlackElo "2227"]
[Result "0-1"]
[Round "04"]
[TimeControl "180+2"]
[Date "2023.04.11"]
[WhiteClock "0:01:36"]
[BlackClock "0:02:23"]

1. e4 c5 2. Nf3 g6 3. c3 Bg7 4. d4 cxd4 5. cxd4 d5 6. e5 Bg4 7. Bb5+ Nd7 8. O-O e6 9. Nbd2 Ne7 10. h3 Bxf3 11. Nxf3 a6 12. Bd3 Nc6 13. Bg5 Qb6 14. Qa4 O-O 15. Rac1 Rfc8 16. Rc2 Qb4 17. Qa3 Bf8 18. Rb1 Nxd4 19. Nxd4 Qxd4 20. Qb3 Nc5 0-1


[Site "https://www.chess.com"]

[Event "Titled Tuesday Blitz April 11 Early 2023"]
[White "Mikhailovsky, Vladimir"]
[Black "Sargissyan, Sargis"]
[WhiteFideId "34105414"]
[BlackFideId "13303210"]
[WhiteElo "2275"]
[BlackElo "2109"]
[Result "1-0"]
[Round "04"]
[TimeControl "180+2"]
[Date "2023.04.11"]
[WhiteClock "0:00:07"]
[BlackClock "0:00:25"]

1. e4 e5 2. Nf3 Nc6 3. Nc3 Nf6 4. d4 exd4 5. Nxd4 Bb4 6. Nxc6 bxc6 7. Bd3 d5 8. exd5 cxd5 9. O-O O-O 10. h3 c6 11. Qf3 Rb8 12. Bf4 Bd6 13. b3 Qc7 14. Ne2 Re8 15. Rad1 a5 16. c4 a4 17. cxd5 cxd5 18. bxa4 Bd7 19. Rc1 Qb6 20. a5 Qb4 21. a6 Bxf4 22. Nxf4 Qa5 23. a4 Rb3 24. Bxh7+ Kxh7 25. Qxb3 Bxa4 26. Qd3+ Kg8 27. Ra1 Re4 28. Nxd5 Nxd5 29. Qxe4 Nc3 30. Qb7 Nb5 31. Rfb1 1-0


[Site "https://www.chess.com"]

[Event "Titled Tuesday Blitz April 11 Early 2023"]
[White "Mazarini41"]
[Black "Samunenkov, Ihor"]
[BlackFideId "14187086"]
[WhiteElo "2423"]
[BlackElo "2457"]
[Result "0-1"]
[Round "04"]
[TimeControl "180+2"]
[Date "2023.04.11"]
[WhiteClock "0:00:10"]
[BlackClock "0:00:28"]

1. d4 d5 2. c4 e6 3. Nf3 c6 4. g3 Nf6 5. Bg2 dxc4 6. O-O b5 7. a4 Bb7 8. Ne5 a6 9. b3 cxb3 10. Qxb3 Qxd4 11. Bb2 Qb4 12. Qc2 Qc5 13. Qb3 Qb4 14. Qc2 Nd5 15. e4 Nb6 16. a5 Na4 17. Ba3 Qd4 18. Bxf8 Rxf8 19. Rxa4 Qxa4 20. Qc5 Qxa5 21. Rd1 Qc7 22. Na3 f6 23. Nac4 bxc4 24. Nxc4 Kf7 25. e5 Nd7 26. Qd4 Nxe5 0-1


[Site "https://www.chess.com"]

[Event "Titled Tuesday Blitz April 11 Early 2023"]
[White "Karttunen, Mika"]
[Black "Zeman, Matyas"]
[WhiteFideId "502081"]
[BlackFideId "364398"]
[WhiteElo "2396"]
[BlackElo "2254"]
[Result "0-1"]
[Round "04"]
[TimeControl "180+2"]
[Date "2023.04.11"]
[WhiteClock "0:00:15"]
[BlackClock "0:00:05"]

1. e4 c5 2. Nf3 Nc6 3. d4 cxd4 4. Nxd4 e5 5. Nb5 d6 6. N1c3 a6 7. Na3 Be6 8. Nc4 b5 9. Ne3 Nf6 10. Ncd5 Ne7 11. c4 Nfxd5 12. exd5 Bd7 13. Be2 g6 14. O-O Bg7 15. c5 dxc5 16. d6 Nf5 17. Bf3 Nd4 18. Bxa8 Qxa8 19. f4 O-O 20. Ng4 Bxg4 21. Qxg4 f5 22. Qd1 e4 23. Be3 Qd5 24. Rc1 Qxd6 25. Qe1 b4 26. Qf2 Rd8 27. Kh1 Ne6 28. Bxc5 Nxc5 29. Qxc5 Qxc5 30. Rxc5 Bxb2 31. Rc2 Bc3 32. Kg1 Kf7 33. Kf2 Ke6 34. Ke2 a5 35. Rd1 Rxd1 36. Kxd1 Kd5 37. h3 Kc4 38. g4 a4 39. gxf5 gxf5 40. Rg2 b3 41. axb3+ Kxb3 42. Kc1 a3 43. Kb1 e3 44. Re2 Bd2 45. Ka1 a2 0-1


[Site "https://www.chess.com"]

[Event "Titled Tuesday Blitz April 11 Early 2023"]
[White "Pakleza, Zbigniew"]
[Black "Szyszylo, Rafal"]
[WhiteFideId "1119290"]
[BlackFideId "1109626"]
[WhiteElo "2410"]
[BlackElo "1951"]
[Result "1-0"]
[Round "04"]
[TimeControl "180+2"]
[Date "2023.04.11"]
[WhiteClock "0:02:11"]
[BlackClock "0:00:08"]

1. d4 g6 2. Nf3 d6 3. Bf4 Nd7 4. e3 Bg7 5. h3 e5 6. Bh2 Nh6 7. Be2 O-O 8. O-O f6 9. c4 Nf7 10. Nc3 c6 11. Rc1 Qe7 12. b4 e4 13. Nd2 f5 14. b5 Nf6 15. bxc6 bxc6 16. Rb1 Be6 17. Qa4 Rfc8 18. Rb3 Rab8 19. Rfb1 Rxb3 20. Rxb3 Bf8 21. Qa6 Rc7 22. Rb8 Kg7 23. c5 Qd7 24. Nc4 Be7 25. cxd6 Nxd6 26. Ne5 1-0


[Site "https://www.chess.com"]

[Event "Titled Tuesday Blitz April 11 Early 2023"]
[White "Manukyan, Sargis A."]
[Black "Gatterer, Florian"]
[WhiteFideId "13303970"]
[BlackFideId "811688"]
[WhiteElo "2187"]
[BlackElo "2221"]
[Result "1/2-1/2"]
[Round "04"]
[TimeControl "180+2"]
[Date "2023.04.11"]
[WhiteClock "0:00:33"]
[BlackClock "0:00:19"]

1. d4 d5 2. c4 c6 3. Nc3 Nf6 4. e3 Bf5 5. cxd5 cxd5 6. Qb3 Nc6 7. Qxb7 Bd7 8. Qb3 Rb8 9. Qd1 e5 10. dxe5 Nxe5 11. Be2 Bd6 12. Nf3 Nxf3+ 13. Bxf3 Qc7 14. h3 O-O 15. O-O Rfd8 16. Nxd5 Nxd5 17. Qxd5 Be6 18. Qe4 Be5 19. a4 Bd5 20. Qg4 Be6 21. Qe4 Bd5 22. Qxd5 Rxd5 23. Bxd5 g6 24. e4 Kg7 25. Be3 Rxb2 26. Rac1 Qa5 27. Rc5 Qxa4 28. Bc6 Qa6 29. Rxe5 Qxc6 30. Bd4 f6 31. Re7+ Kf8 32. Rxa7 Rb4 33. Rd1 Rxd4 34. Rxd4 Qc1+ 35. Kh2 Qf4+ 36. Kh1 Qc1+ 37. Kh2 Qf4+ 38. Kg1 Qc1+ 39. Kh2 1/2-1/2


[Site "https://www.chess.com"]

[Event "Titled Tuesday Blitz April 11 Early 2023"]
[White "Reefat, Bin-Sattar"]
[Black "Aldokhin, Ivan"]
[WhiteFideId "10200207"]
[BlackFideId "24115720"]
[WhiteElo "2462"]
[BlackElo "2322"]
[Result "0-1"]
[Round "04"]
[TimeControl "180+2"]
[Date "2023.04.11"]
[WhiteClock "0:00:09"]
[BlackClock "0:00:37"]

1. e4 c5 2. Nf3 e6 3. d4 cxd4 4. Nxd4 a6 5. c4 Qc7 6. Nc3 Nf6 7. Bd3 d6 8. O-O Nbd7 9. Be3 Be7 10. Rc1 O-O 11. f4 b6 12. b3 Bb7 13. Qf3 Rac8 14. Bb1 Qb8 15. Qh3 g6 16. f5 gxf5 17. exf5 e5 18. Ne6 Kh8 19. Nxf8 Rxf8 20. Rcd1 Rg8 21. Nd5 Bxd5 22. cxd5 b5 23. Qh4 Rg4 24. Qh3 Bd8 25. Kh1 Bb6 26. Bh6 Qg8 27. Rf3 e4 28. Rf4 Ne5 29. Rdf1 e3 30. Rxg4 Nexg4 31. Bd3 Nf2+ 32. Rxf2 exf2 33. Qh4 Ng4 34. f6 Qg6 35. Bg7+ Kg8 0-1


[Site "https://www.chess.com"]

[Event "Titled Tuesday Blitz April 11 Early 2023"]
[White "Itgelt, Khuyagtsogt"]
[Black "Yeritsyan, Hayk"]
[WhiteFideId "4902912"]
[BlackFideId "13307320"]
[WhiteElo "2227"]
[BlackElo "2420"]
[Result "1-0"]
[Round "04"]
[TimeControl "180+2"]
[Date "2023.04.11"]
[WhiteClock "0:01:10"]
[BlackClock "0:00:40"]

1. Nf3 Nf6 2. c4 e6 3. d4 b6 4. a3 Bb7 5. Nc3 Be7 6. Qc2 c5 7. dxc5 bxc5 8. Bf4 Nc6 9. Rd1 O-O 10. e4 Qb6 11. e5 Nh5 12. Be3 f5 13. Rxd7 f4 14. Na4 Qa5+ 15. Bd2 Qa6 16. Bd3 Bc8 17. Bxh7+ Kh8 18. Qg6 Rf5 19. g4 Bxd7 20. gxf5 Be8 21. Qxe6 Qxa4 22. Qg8# 1-0


[Site "https://www.chess.com"]

[Event "Titled Tuesday Blitz April 11 Early 2023"]
[White "Kabilov, Amin"]
[Black "Dzagnidze, Nana"]
[WhiteFideId "14700859"]
[BlackFideId "13601903"]
[WhiteElo "2110"]
[BlackElo "2406"]
[Result "0-1"]
[Round "04"]
[TimeControl "180+2"]
[Date "2023.04.11"]
[WhiteClock "0:00:09"]
[BlackClock "0:00:06"]

1. d4 d5 2. Nf3 Bf5 3. c4 dxc4 4. Nc3 Nf6 5. e3 e6 6. Bxc4 a6 7. O-O c5 8. a4 Nc6 9. d5 Na5 10. Ba2 c4 11. e4 Nxe4 12. Nxe4 Bxe4 13. dxe6 Qxd1 14. exf7+ Kxf7 15. Ng5+ Kf6 16. Nxe4+ Ke5 17. Rxd1 Kxe4 18. Bd2 Nb3 19. Bb1+ Ke5 20. Bc3+ Ke6 21. Ra2 Bc5 22. a5 Rad8 23. Re1+ Kf7 24. Ra4 Rhe8 25. Rf1 Nd2 26. Bxd2 Rxd2 27. Rxc4 Re5 28. g3 Rxb2 29. Be4 Kf6 30. Kg2 Rb4 31. Rc2 Rbxe4 0-1


[Site "https://www.chess.com"]